Cogmind - Beta 16.1 @@@ ROGUE MODE // 2026.04.26 @ 00:20:03 Player: AngelSpirit Result: Destroyed by All I Could Find with Mining Claw Performance ------------- Evolutions (0) 0 Regions Visited (2) 400 Robots Destroyed (36) 180 Value Destroyed (817) 817 Prototype IDs (0) 0 Alien Tech Used (0) 0 Bonus (0) 0 TOTAL SCORE: 1397 Bonus ------- None Cogmind --------- Core Integrity 0/250 Matter 290/300 Energy 160/160 System Corruption 0% Temperature Cool (49) Movement Rolling (115) Ox1 Location -10/Subcaves Parts ------- > --- POWER (1) -------- Light Nuclear Core > --- PROPULSION (2) --- Compact Wheel Compact Wheel > --- UTILITY (2) ------ High-capacity Storage Unit Sensor Array > --- WEAPON (2) ------- Subdweller Beam Cannon Subdweller Beam Cannon > --- INVENTORY (20) --- Light Treads Compact Wheel Seismic Detector Light Armor Plating Makeshift Light Armor Plating Scrap Shield Makeshift Hacking Suite Trap Extractor (0/4) Trap Extractor (0/4) Subdweller Laser Subdweller Laser Subdweller Machine Gun Subdweller Machine Gun Battle Cannon Mining Laser Peak State ------------ > --- POWER ------------ Light Nuclear Core > --- PROPULSION ------- Compact Wheel Compact Wheel > --- UTILITY ---------- High-capacity Storage Unit Light Armor Plating > --- WEAPON ----------- Subdweller Beam Cannon Subdweller Beam Cannon > --- INVENTORY -------- Light Treads Compact Wheel Sensor Array Seismic Detector Makeshift Light Armor Plating Scrap Shield Makeshift Hacking Suite Trap Extractor Trap Extractor Subdweller Laser Subdweller Laser Subdweller Machine Gun Subdweller Machine Gun Battle Cannon Mining Laser [Rating: 14] Favorites ----------- Power Light Nuclear Core Engine Ion Engine Power Core Light Nuclear Core Propulsion Compact Wheel Treads Light Treads Wheel Compact Wheel Utility High-capacity Storage Unit Device Seismic Detector Storage High-capacity Storage Unit Protection Light Armor Plating Weapon Light Cannon Energy Gun Medium Laser Energy Cannon Subdweller Beam Cannon Ballistic Gun Subdweller Machine Gun Ballistic Cannon Light Cannon Special Weapon Mining Laser Slashing Weapon Mining Claw Build | -11 -10 -10 ------- Run | Yrd Mat Sub Slots Evolved . | . . . Power . | . . . Propulsion . | . . . Utility . | . . . Weapon . | . . . Parts Attached 26 | 7 9 10 Power 2 | 1 . 1 Engine 1 | 1 . . Core 1 | . . 1 Reactor . | . . . Propulsion 4 | 2 1 1 Treads 1 | . . 1 Leg . | . . . Wheel 3 | 2 1 . Hover . | . . . Flight . | . . . Utility 6 | 2 3 1 Device 2 | 1 . 1 Storage 3 | 1 2 . Processor . | . . . Hackware . | . . . Protection 1 | . 1 . Artifact . | . . . Weapon 14 | 2 5 7 Energy Gun 2 | 2 . . Energy Cannon 2 | . . 2 Ballistic Gun 4 | . 1 3 Ballistic Cannon 4 | . 3 1 Launcher . | . . . Special Weapon 1 | . . 1 Impact Weapon . | . . . Slashing Weapon 1 | . 1 . Piercing Weapon . | . . . Special Melee Weapon . | . . . Unidentified Prototypes . | . . . Parts Lost 4 | . 2 2 Power 1 | . . 1 Propulsion 1 | . 1 . Utility . | . . . Weapon 2 | . 1 1 Highest Loss Streak 1 | . 1 1 To Critical Strikes . | . . . Average Backups 9 | . 9 10 Power . | . . . Propulsion 1 | . 1 2 Utility 4 | . 4 5 Weapon 2 | . 1 2 Tool/Special . | . . . Unused Backups 9 | . . 9 Power . | . . . Propulsion 1 | . . 1 Utility 6 | . . 6 Weapon 2 | . . 2 Tool/Special . | . . . Average Slot Usage (%) 99 | . 99 99 Engine 6 | . 14 . Core 7 | . . 13 Wheel 27 | . 27 27 Device 12 | . 10 13 Storage 14 | . 14 14 Protection 1 | . 3 . Energy Cannon 3 | . . 6 Ballistic Gun 5 | . . 8 Ballistic Cannon 18 | . 26 11 Peak Build Rating 14 | 7 8 14 Average Rating 9 | 5 7 11 On Entrance 5 | . 7 8 Avg Prop Armor Cover (%) . | . . . Naked Turns . | . . . Heaviest Build 64 | 15 54 64 Greatest Support 32 | 26 32 32 Greatest Overweight (x) 3 | . 3 1 Average Overweight (x) . | . . 1 Largest Inventory Capacity 20 | 8 20 20 Average Capacity 19 | 7 19 20 Most Carried 16 | 1 12 16 Average Carried 9 | . 9 10 Final Capacity 20 | 8 20 20 Final Carried 16 | 1 11 16 Class Distribution -------------------- 88% | Mutant 11% | Scavenger-Mutant Dominant Class ---------------- Mutant | -10/Materials Mutant | -10/Subcaves Resources | -11 -10 -10 ----------- Run | Yrd Mat Sub Matter Collected 1505 | 270 607 628 Remotely . | . . . Salvage Created 994 | 117 520 357 Parts 64 | 3 34 27 Haulers Intercepted 2 | . 2 . Recyclers Shooed . | . . . Parts Field Recycled . | . . . Retrieved Matter . | . . . Parts Self-Destructed 22 | . . 22 Prevented . | . . . Parts Restored . | . . . Kills | -11 -10 -10 ------- Run | Yrd Mat Sub Combat Hostiles Destroyed 24 | . 16 8 Guns 1 | . . 1 Cannons 22 | . 16 6 Classes Destroyed 9 | 2 6 1 Worker 1 | . 1 . Tunneler 2 | 2 . . Hauler 2 | . 2 . Recycler 2 | 1 1 . Operator 2 | . 2 . Watcher 3 | . 3 . Swarmer 8 | . 8 . Grunt 10 | . 8 2 Subdweller 6 | . . 6 Best Kill Streak 6 | 2 6 2 Combat Bots Only 5 | . 5 2 Max Kills in Single Turn 1 | 1 1 1 Gunslinging . | . . . Exploded . | . . . Melee . | . . . Uniques/NPCs Destroyed . | . . . Combat | -11 -10 -10 -------- Run | Yrd Mat Sub Hostile Shots Fired 129 | . 83 46 Missed 39 | . 23 16 Hits 90 | . 60 30 Melee 1 | . . 1 Projectile 89 | . 60 29 Critical Strikes 2 | . 2 . Damage Taken 876 | . 495 381 Core 268 | . 143 125 Absorbed by Shields . | . . . Core Remaining (%) 100 | 100 . . Volleys Fired 201 | 11 55 135 Largest 2 | 2 2 2 Hottest 160 | 100 60 160 Shots Fired 291 | 22 109 160 Gun 83 | 22 3 58 Cannon 205 | . 106 99 Launcher . | . . . Special 3 | . . 3 Kinetic 252 | . 109 143 Thermal 39 | 22 . 17 Explosive . | . . . Electromagnetic . | . . . Robot Hit Streak 40 | 10 7 40 Robot Miss Streak 3 | 2 3 2 Penetration Max . | . . . Secondary Targets . | . . . Shots Hit Robots 155 | 16 57 82 Core Hits 50 | 4 25 21 Critical Kills 2 | . . 2 Critical Parts Destroyed . | . . . Critical Strikes 10 | 4 2 4 Burn 4 | 4 . . Meltdown 1 | . . 1 Destroy 2 | . . 2 Blast 3 | . 2 1 Melee Attacks 6 | . 6 . Impact . | . . . Slashing 6 | . 6 . Piercing . | . . . Sneak Attacks 1 | . 1 . Combat Hostiles . | . . . Follow-up Attacks . | . . . Damage Inflicted 2357 | 199 1108 1050 Guns 656 | 199 10 447 Cannons 1644 | . 1041 603 Explosions . | . . . Melee 57 | . 57 . Ramming . | . . . Kinetic 1909 | . 1051 858 Thermal 391 | 199 . 192 Explosive . | . . . Electromagnetic . | . . . Impact . | . . . Slashing 57 | . 57 . Piercing . | . . . Highest Corruption . | . . . Average Corruption . | . . . Corruption Purged . | . . . Corruption Blocked . | . . . Overload Shots . | . . . Overflow Damage 40 | . 40 . Projectiles 40 | . 40 . Explosions . | . . . Melee . | . . . Knockbacks 17 | . 14 3 Impact . | . . . Kinetic 17 | . 14 3 Secondary . | . . . Self-Inflicted Damage . | . . . Shots . | . . . Rammed . | . . . Targets Rammed . | . . . Kicked . | . . . Crushed . | . . . Highest Temperature 174 | 174 45 162 Average Temperature 43 | 63 18 59 Received Heat Transfer 207 | . 54 153 Siege Activations . | . . . Martial Activations . | . . . Shielding Activations . | . . . Robots Disrupted . | . . . Combat Hostiles . | . . . Robots Corrupted . | . . . Combat Hostiles . | . . . Parts Fried . | . . . Impact Corruptions . | . . . Robots Melted 1 | . . 1 Combat Hostiles 1 | . . 1 Parts Melted 3 | 2 . 1 Heat Transferred 1147 | 888 . 259 Parts Sabotaged . | . . . Parts Stolen . | . . . Parts Stripped . | . . . Power Chain Reactions . | . . . Alert | -11 -10 -10 ------- Run | Yrd Mat Sub Maximum Alert Level 1 | . 1 . Low Security (%) 98 | 100 98 . Level 1 1 | . 1 . Level 2 . | . . . Level 3 . | . . . Level 4 . | . . . Level 5 . | . . . High Security . | . . . Max Security . | . . . Peak Influence 200 | 5 200 . Initial . | . . . Average 127 | 1 139 . Influence Increases 708 | 15 583 110 Destroy 0b10 Robot/C 360 | . 320 40 Destroy 0b10 Robot/NC 60 | 15 45 . Destroy Leader 100 | . 90 10 Successful Hack 20 | . 20 . Select Force Hacks 60 | . 60 . Disable Machine 30 | . 30 . Destroy Structure 3 | . 3 . Lose Combat Pursuer 75 | . 15 60 Influence Decreases 708 | 15 458 235 Entered New Map 61 | . . 61 Time Decay 607 | 15 438 154 Lost Part 40 | . 20 20 Squads Dispatched 5 | . 5 . Investigation 3 | . 3 . Extermination . | . . . Reinforcement 2 | . 2 . Assault . | . . . Garrison . | . . . Intercept . | . . . Searches Triggered . | . . . Construction Impeded . | . . . Haulers Reinforced . | . . . Active Scanning Responses . | . . . Cargo Convoy Interrupts . | . . . Stealth | -11 -10 -10 --------- Run | Yrd Mat Sub Distress Signals . | . . . Communications Jammed . | . . . Distress Signals . | . . . Times Spotted 35 | . 22 13 Peak Tracking Total 7 | . 4 7 Tactical Retreats 3 | . 1 2 Traps | -11 -10 -10 ------- Run | Yrd Mat Sub Traps Triggered . | . . . Indirectly . | . . . Trap Hack Attempts . | . . . Triggered . | . . . Disarmed . | . . . Reprogrammed . | . . . Reused . | . . . Traps Extracted . | . . . Installed . | . . . Triggered . | . . . Machines | -11 -10 -10 ---------- Run | Yrd Mat Sub Machines Disabled 3 | . 2 1 Max in Single Turn 1 | . 1 1 Machines Repaired . | . . . Machines Dismantled . | . . . Machines Sabotaged . | . . . Overloaded Fab Kills . | . . . Hacking | -11 -10 -10 --------- Run | Yrd Mat Sub Machines Accessed 10 | . 9 1 Terminals 6 | . 6 . Fabricators . | . . . Repair Stations 1 | . 1 . Recycling Units 2 | . 2 . Scanalyzers . | . . . Garrison Access . | . . . Total Hacks 27 | . 23 4 Successful 15 | . 11 4 Failed 12 | . 12 . Catastrophic 3 | . 3 . Database Lockouts . | . . . Manual 15 | . 15 . Terminals 16 | . 16 . Fabricators . | . . . Repair Stations 4 | . 4 . Recycling Units 3 | . 3 . Scanalyzers . | . . . Garrison Access . | . . . Terminal Hacks 5 | . 1 4 Record 4 | . . 4 Locate Traps 1 | . 1 . Fabricator Hacks . | . . . Repair Station Hacks 1 | . 1 . Refit 1 | . 1 . Recycling Unit Hacks 1 | . 1 . Retrieve Components 1 | . 1 . Scanalyzer . | . . . Garrison Access Hacks . | . . . Unauthorized Hacks 8 | . 8 . Terminals 6 | . 6 . Botnet 1 | . 1 . Skim 5 | . 5 . Fabricators . | . . . Repair Stations . | . . . Recycling Units 2 | . 2 . Tunnel 2 | . 2 . Scanalyzers . | . . . Garrison Access . | . . . Data Cores Recovered . | . . . Used . | . . . Hacking Detections 7 | . 7 . Full Trace Events 2 | . 2 . Feedback Events . | . . . Feedback Blocked . | . . . Robot Schematics Acquired . | . . . Robots Built . | . . . Authchips . | . . . Time . | . . . Total Robot Build Rating . | . . . Part Schematics Acquired . | . . . Parts Built . | . . . Authchips . | . . . Time . | . . . Total Part Build Rating . | . . . Part Studies Acquired . | . . . Parts Repaired . | . . . Time . | . . . Parts Recycled . | . . . Recycled Matter . | . . . Retrieved Matter . | . . . Retrieved Components 10 | . 10 . Parts Scanalyzed . | . . . Part Schematics Acquired . | . . . Parts Damaged . | . . . Bothacking | -11 -10 -10 ------------ Run | Yrd Mat Sub Used RIF Installer . | . . . Robots Hacked . | . . . Non-combat . | . . . Combat . | . . . Robot Hacks Applied . | . . . Relay Couplers Released . | . . . Fabnet Peak Effective % . | . . . Robots Rewired . | . . . Allies Hacked . | . . . Hacks Repelled . | . . . Allies | -11 -10 -10 -------- Run | Yrd Mat Sub Total Allies . | . . . Largest Group . | . . . Highest-Rated Group . | . . . Highest-Rated Ally . | . . . Total Orders . | . . . Ally Attacks . | . . . Total Damage . | . . . Kills . | . . . Allies Corrupted . | . . . Allies Melted . | . . . Intel | -11 -10 -10 ------- Run | Yrd Mat Sub Active Infowar (turns) 2441 | 17 927 1497 Sensors 1120 | . . 1120 Seismic 1321 | 17 927 377 Robot Analysis Total . | . . . Derelict Logs Recovered 3 | . . 3 Drone Launches . | . . . Drone Recoveries . | . . . Exploration | -11 -10 -10 ------------- Run | Yrd Mat Sub Turns Passed 2927 | 115 1214 1598 Spaces Moved 1934 | 69 821 1044 Core 3 | 3 . . Treads . | . . . Legs . | . . . Wheels 1931 | 66 821 1044 Hover . | . . . Flight . | . . . Fastest Speed 50 | 50 90 115 Average Speed 113 | 87 113 115 Slowest Speed 145 | 90 145 115 Overloaded Moves . | . . . Propulsion Burnouts . | . . . Robots Hopped . | . . . Potential Cave-ins . | . . . Cave-ins Triggered . | . . . Exploration Rate (%) 48 | 3 98 43 Regions Visited 2 Branch Regions 1 Pre-discovered Areas 4 | . 2 2 Known Exits Taken 1 | . 1 . Unknown Exits Taken 1 | 1 . . Scrap Searched 4 | . . 4 Spaces Dug 5 | . 2 3 Terrain Destroyed 6 | . 2 4 Melee 2 | . 2 . Projectile 4 | . . 4 AOE . | . . . Terrain Rammed . | . . . Walls Destroyed . | . . . Machines Disabled . | . . . Actions | -11 -10 -10 --------- Run | Yrd Mat Sub Total 2348 | 97 976 1275 Wait 125 | 10 56 59 Move 1932 | 68 820 1044 Hop . | . . . Pick Up 21 | 1 11 9 Fast Attach 12 | 7 4 1 Attach 4 | . 2 2 Detach 3 | . 3 . Swap 34 | . 13 21 Drop 10 | . 6 4 Fire 201 | 11 55 135 Melee 6 | . 6 . Ram . | . . . Kick . | . . . Crush . | . . . Escape Stasis . | . . . Rewire . | . . . Trap . | . . . Miscellaneous . | . . . Route ------- -11/Scrapyard -10/Materials (discovered 5 exits: [*Mat x3] / [*Min] / *Sub) -10/Subcaves (discovered 1 exit: [*Mat]) History --------- Turn | Location | Event 5 | -11/Scrapyard | Discovered new exit (range 16) 116 | -11/Scrapyard | Entered Materials 324 | -10/Materials | Build established: Mutant 360 | -10/Materials | Discovered new exit (range 14) 572 | -10/Materials | Discovered new exit (range 15) 767 | -10/Materials | Discovered new exit (range 16) 849 | -10/Materials | Discovered new exit (range 16) 876 | -10/Materials | Core integrity fell below 50% 914 | -10/Materials | Identified exit to Subcaves 914 | -10/Materials | Learned location of 2 exits from Materials 1330 | -10/Materials | Entered Subcaves 1331 | -10/Subcaves | Approached by a straggling Scientist 1357 | -10/Subcaves | Learned Materials terminal intel 1492 | -10/Subcaves | Discovered new exit (range 11) 1523 | -10/Subcaves | Shifting Twisted Machinery released Sub. Machine Gun 1899 | -10/Subcaves | Core integrity fell below 20% 2002 | -10/Subcaves | Learned Materials stockpile data 2296 | -10/Subcaves | Spotted All I Could Find 2352 | -10/Subcaves | Shifting Twisted Machinery released Mak. Light Armor Plating 2409 | -10/Subcaves | A swath of the cavern ceiling suddenly collapsed 2647 | -10/Subcaves | Learned location of Storage (-8) 2665 | -10/Subcaves | Visited Clippyterm 2668 | -10/Subcaves | Learned location of Section 7 (-3) 2668 | -10/Subcaves | Learned Factory fabricator intel 2924 | -10/Subcaves | Spotted Flee or Die 2928 | -10/Subcaves | Destroyed by All I Could Find with Mining Claw Last Messages --------------- attempt to resurrect an ancient AI. I give up. There must be something fundamentally wrong with the algorithm, because no matter how much data I collect to feed it, half the time it still manages to suggest unhelpful sample queries and responses. --DD-NU8 >>Record "World Domination" It looks like you're trying to take over the world, would you like help? World map updated: -3/Section 7. >>Record "Authchips" It looks like you're interested in fabrication without breaking the rules, would you like help? Data stored: Factory fabricator intel. >>Record "Tab" It looks like you're biased against spaces, I think you need more help than I can offer. 02923_ Sub. Beam Cannon shoots sparks and powers down. Map ----- +----------------------------------------------------+ | #### ###### #??## ### ## | | = !! #### !% ##???##### | | && ### * ##????# | | ### #### ## ##### % ## #????##% | | ##?###??######???# ### ##??##### # | | ###???????????????## ### ## #### ## "### | | ##????????????????## ###### ## "#?? | | #?????????????????# #???# % = ## ### | | ##?????????????????## ##??## % # ## | | ????????????????????###?### # ##### ## | | #???????????????????????# %#### # | | #???????????????????????# ## %## | | #?????????????????????### # # #### ##? | | #???????????????????### # ### #?# ##?? | | ????????????????????# ##?# ## #??? | | ????????????????????## #??## ### # ##?? | | ?????????????????????# ###??## ##??## % #?? | | ????????????????????## ### #???###?##### ##### | | ????????????????????# ### ######### #### # | | ????????????????????# ## # # ### | | ????????????????????## | | ????????????????????# ## ## | | ??????????????????? ## ### # #?? | | ????????????????? ? # ### #?######### ###?? | | ???????????????#! ###?#MM #?????????## ###???? | | ???????????????## ?# ###@ #??????????## #?????? | | ????????????????# ?## ## #???????????####?????? | | ????????????????#??# ### ##????????????????????? | | ??????????????????## ##?????????????????????? | | ?????????#######??# #??????????????????????? | | ?????????# # #??## ##?????????????????????? | | ?###?????# &%#???# #?????????????????????? | | ?# #?????### "##???# ##????????????????????? | | ?# ##?????# ####??### #????????????????????? | | ?# ##???### # ##???#### #????????????????????? | | ?# #???# " " ##?????## #????????????????????? | | ## #???# ###???## #????????????????????? | | # #??## ##?##" #????????????????????? | | #??# ###" #????????????????????? | | #### #"## #????????????????????? | | ## ## ######????????????????????? | | ### ### ##???????#####?????????????? | | ??## #?## #??????### ###########???# | | ##?# #??## #####?## ## ##### | | # ## #???# # ### ## ## | | # ## ##### | | ## #### ## | | ## #??# ## ## ## | | ##### ##?## #### ##### | | ##??## ##?## ## ##?# ##### ##???# #### | +----------------------------------------------------+ Best States ------------- Heat Dissipation 25 Energy Generation 14 Energy Capacity 250 Matter Stores 300 Matter Capacity 300 Sight Range 16 Robot Scan Range 14 Terrain Scan Density 10 Armor Coverage 150 Evasion (%) 42 Recoil Reduction 1 Item Schematics ----------------- None Robot Schematics ------------------ None Fabricated ------------ Nothing Repaired ---------- Nothing Studied --------- None Alien Tech Used ----------------- None Achievements -------------- None Challenges ------------ None Game ------ Seed BarrageSupersonicLayer Manual? 0 Play Time 00:20:34 Cumulative 747.0 hours Start 2026.04.25 @ 23:58:03 End 2026.04.26 @ 00:20:03 Sessions 1 Manual Loads 0 Difficulty Rogue Special Mode None Game No. 221 Rogue 221 Adventurer 0 Explorer 0 Win Type - Total 28 Types 10/3/7/1/1/0/2/1/1/2 Lore% 95 Gallery% 87 Achievement% 81 Wizard Run 0 Options --------- Layout 1 ASCII 0 Keyboard 0 Movement Mouse Keybinds 0 Fullscreen 2 Font 32/SmallcapsGlow Map View 50x35 Zoom Use 0% Tactical HUD 1 Map Filters NONE Filters NONE Steam 1 RUN: 543f6606-3c93-4d0f-b4a9-4cb50ed99813